 Dungeon Crawl Stone Soup version 0.29.0-4-gdea44cf6ec (webtiles) character file.

Game seed: 6010640512426592232

8 qw the Sneak (level 2, -6/19 HPs)
             Began as a Gargoyle Delver on Sept 10, 2022.
             Mangled by an orc priest
             ... wielding a +0 flail
              (9 damage)
             ... on level 5 of the Dungeon.
             The game lasted 00:00:05 (232 turns).

qw the Sneak (Gargoyle Delver)                       Turns: 232, Time: 00:00:05

Health: -6/19      AC:  5    Str: 15    XL:     2   Next: 8%
Magic:  2/2        EV: 11    Int: 10    God:
Gold:   19         SH:  0    Dex: 11    Spells: 1/1 levels left

rFire   . . .      SeeInvis .   a - +0 hand axe
rCold   . . .      Faith    .   (no shield)
rNeg    + . .      Spirit   .   b - +0 leather armour
rPois   inf        Reflect  .   (no helmet)
rElec   +          Harm     .   (no cloak)
rCorr   .          Rampage  .   (no gloves)
Will    .....                   (no boots)
Stlth   +++.......              (no amulet)
HPRegen 0.06/turn               (no ring)
MPRegen 0.08/turn               (no ring)

@: no status effects
A: sickness immunity, AC +2, negative energy resistance 1, electricity
resistance, torment resistance 1, petrification resistance
a: no special abilities


You were on level 5 of the Dungeon.
You visited 1 branch of the dungeon, and saw 1 of its levels.

You collected 19 gold pieces.


Innate Abilities, Weirdness & Mutations

You are immune to sickness and miasma.
Your stone body is resilient. (AC +2)
You are immune to poison.
You resist negative energy. (rN+)
You are resistant to electric shocks. (rElec)
You are resistant to unholy torment.
You are immune to petrification.


   Skills:
 - Level 3.2 Fighting
 + Level 2.5 Axes
 - Level 1.5 Dodging
 - Level 5.4 Stealth


You had one spell level left.
You didn't know any spells.
Your spell library was empty.

Inventory:

Hand Weapons
 a - a +0 hand axe (weapon)
 i - a +0 mace
Armour
 b - a +0 leather armour (worn)
Wands
 g - a wand of digging (3)
Scrolls
 c - a scroll of fog
 d - a scroll of magic mapping
 e - a scroll of fear
Potions
 f - a potion of haste

Dungeon Overview and Level Annotations

Branches:
Dungeon (5/15)
 Temple: D:4-7

Altars:


Message History

You hit the orc but do no damage. The orc hits you but does no damage.
The orc closely misses you.
You barely miss the orc. The orc closely misses you.
You slash the orc!
You kill the orc!
h - a +0 club;
i - a +0 mace
Things that are here:
a +0 leather armour; an orc corpse
181 ||| DROPPING +0 club.
You drop a +0 club.
Things that are here:
a +0 whip; a +0 leather armour
Found 5 poisoned darts.
Found a hand axe.
You now have 19 gold pieces.
An orc comes into view. It is wielding a +0 hand axe.
Enter note:
Enter note: The orc shouts!
You hear a shout! x3
You barely miss the orc. The orc hits you with a +0 hand axe.
You barely miss the orc. The orc hits you but does no damage.
You closely miss the orc. The orc hits you but does no damage.
The orc barely misses you.
An orc priest comes into view. It is wielding a +0 flail.
You barely miss the orc. The orc barely misses you.
You hit the orc.
The orc is heavily wounded.
The orc hits you but does no damage.
You hit the orc.
You kill the orc!
You have reached level 2!
The orc priest mumbles some strange prayers to Beogh against you.
Beogh smites you!
Ouch! That really hurt!
An orc wizard comes into view. It is wielding a +0 dagger.
The orc priest hits you with a +0 flail!
You die...

.. .. .# ##.# #
#..o .#
#...##### ..# .
#..o#...#...#
#.### #@....#
##...###..)##
#.....#.###.# #
#...# .# ## #..
#####...# # ..
#...#...#...# .
.. ###
#.....#.###.#
.###.
.###...###...##
##.#.
.#.###.#.....#


You could see an orc priest and an orc wizard.

Vanquished Creatures
  4 orcs (D:5)
4 creatures vanquished.

Notes
Turn   | Place    | Note
-------+----------+-------------------------------------------
     0 | D:5      | qw the Gargoyle Delver began the quest for the Orb.
     0 | D:5      | Reached XP level 1. HP: 14/14 MP: 1/1
     0 | D:5      | 0 ||| qw: Version: 0.1-a-117-gfe26ee0
     0 | D:5      | 0 ||| qw: Game counter: 9571
     0 | D:5      | 0 ||| qw: Always use a shield: true
     0 | D:5      | 0 ||| qw: God list: Okawaru
     0 | D:5      | 0 ||| qw: Allow faded altars: false
     0 | D:5      | 0 ||| qw: Do Orc after D:15 true
     0 | D:5      | 0 ||| qw: Do second Lair branch before Depths: true
     0 | D:5      | 0 ||| qw: Lair rune preference: random
     0 | D:5      | 0 ||| qw: Plans: Normal
     0 | D:5      | 0 ||| PLANNING D:1-11
   181 | D:5      | 181 ||| DROPPING +0 club.
   227 | D:5      | Noticed an orc priest
   231 | D:5      | Reached XP level 2. HP: 16/19 MP: 2/2
   231 | D:5      | HP: 3/19 [orc priest/divine providence (13)]
   232 | D:5      | Mangled by an orc priest

Levels and vault maps discovered:
D:5:      nicolae_cairo_tiling, layout_gridville

Skill      XL: |  1 |
---------------+----+-----
Axes           | 2 |  2.5
Fighting       | |  3.2
Dodging        | |  1.5
Stealth        | |  5.4

Action                   || total
-------------------------++-------
Melee: Hand axe          ||    18
Armor: Leather armour    ||     5
Dodge: Dodged            ||     8

Table legend:
 A = Non-vault XP
 B = Vault XP
 C = Vault XP percentage of total XP
 D = Non-vault monster count
 E = Vault monster count
 F = Vault count percentage of total count
                 A         B        C        D         E       F
            +---------+---------+-------+---------+---------+-------
      Total |      12 |       0 |   0.0 |       4 |       0 |   0.0
            +---------+---------+-------+---------+---------+-------
        D:5 |      12 |       0 |   0.0 |       4 |       0 |   0.0
            +---------+---------+-------+---------+---------+-------
